 Dungeon Crawl Stone Soup version 0.31-a0-700-gf13585253f (webtiles) character file.

Game seed: 2944156701864681246

618 qw the Skirmisher (level 7, -7/43 HPs)
             Began as a Gargoyle Hunter on Sept 7, 2023.
             Mangled by an iguana (9 damage)
             ... on level 4 of the Dungeon.
             The game lasted 00:01:24 (3195 turns).

qw the Skirmisher (Gargoyle Hunter)                 Turns: 3195, Time: 00:01:24

Health: -7/43      AC: 10    Str: 14    XL:     7   Next: 45%
Magic:  7/7        EV: 12    Int: 10    God:
Gold:   226        SH:  0    Dex: 15    Spells: 6/6 levels left

rFire   . . .        Y - +0 shortbow (freeze)
rCold   . . .        (shield currently unavailable)
rNeg    + . .        c - +0 leather armour
rPois   inf          (no helmet)
rElec   +            f - +1 cloak
rCorr   .            (no gloves)
SInv    .            (no boots)
Will    .....        (no amulet)
Stlth   ++           (no ring)
HPRegen 0.27/turn    (no ring)
MPRegen 0.10/turn

%: no passive effects
@: no status effects
A: sickness immunity, AC +4, negative energy resistance 1, electricity
resistance, torment resistance 1, petrification resistance
a: no special abilities


You were on level 4 of the Dungeon.
You visited 1 branch of the dungeon, and saw 4 of its levels.
You also visited: Sewer.

You collected 226 gold pieces.


Innate Abilities, Weirdness & Mutations

You are immune to sickness and miasma.
Your stone body is resilient. (AC +4)
You are immune to poison.
You resist negative energy. (rN+)
You are resistant to electric shocks. (rElec)
You are resistant to unholy torment.
You are immune to petrification.


   Skills:
 + Level 4.0 Fighting
 - Level 8.0 Ranged Weapons
 - Level 1.2 Armour
 - Level 2.0 Dodging
 - Level 1.1 Stealth


You had 6 spell levels left.
You didn't know any spells.
Your spell library was empty.

Inventory:

Hand Weapons
 Y - a +0 shortbow of freezing (weapon)
Armour
 c - a +0 leather armour (worn)
 f - a +1 cloak (worn)
Potions
 b - a potion of invisibility {unknown}
 d - a potion of heal wounds {unknown}
 g - a potion of enlightenment {unknown}
 h - a potion of resistance {unknown}
 i - a potion of might
 j - a potion of cancellation {unknown}
 k - a potion of mutation {unknown}
 l - a potion of magic {unknown}

Dungeon Overview and Level Annotations

Branches:
Dungeon (4/15)              Sewer (visited)
 Temple: D:4-7

Altars:
Cheibriados
Sif Muna


Message History

Something hits you but does no damage.
Your Ranged Weapons skill increases to level 8!
You shoot an arrow.
The arrow hits the iguana but does no damage.
Something hits you but does no damage.
You shoot an arrow. The arrow hits the iguana.
The iguana seems to slow down.
The arrow freezes the iguana.
The iguana is moderately wounded.
You hear some strange, mumbled words.
Something tries to affect you, but you resist.
You shoot an arrow. The arrow closely misses the iguana.
You hear some strange, mumbled words.
A magic dart appears from out of thin air!
The magic dart hits you but does no damage.
You shoot an arrow. The arrow barely misses the iguana.
The iguana is no longer moving slowly.
You hear some strange, mumbled words.
A puff of flame appears from out of thin air!
The puff of flame hits you! The iguana barely misses you.
You shoot an arrow. The arrow barely misses the iguana.
Something barely misses you. The iguana closely misses you.
You shoot an arrow. The arrow barely misses the iguana.
You hear some strange, mumbled words.
A magic dart appears from out of thin air!
The magic dart hits you.
The iguana bites you but does no damage.
You shoot an arrow. The arrow hits the iguana.
The arrow freezes the iguana.
The iguana is heavily wounded.
You hear some strange, mumbled words.
A magic dart appears from out of thin air!
The magic dart hits you. The iguana closely misses you.
You shoot an arrow.
The arrow hits the iguana but does no damage.
The iguana is heavily wounded.
Something hits you. The iguana closely misses you.
You shoot an arrow.
The arrow hits the iguana but does no damage.
The iguana is heavily wounded.
Something hits you but does no damage. The iguana bites you!
You die...

.#......####
......#....##
......#.....#####.
...............!.#
.............#....
...)..##..........
..........%.......
##.......){#........
........l@....)...$
.....).###.........
... .....###.#.)..)...
.... ##.......#.......
....####...r.#........
##.........g##g.##....
...........o)o.# ....
............#..# .#.
#.......#.#.......#


You could see an iguana.

Vanquished Creatures
  Grinder (D:3)
  2 jellies (Sewer)
  4 orc priests
  An orc wizard (D:4)
  3 gnolls (D:4)
  3 adders
  4 river rats
  3 worms
  A dart slug (D:3)
  8 orcs
  6 bats
  15 endoplasms
  9 giant cockroaches
  3 goblins
  4 hobgoblins (D:1)
  3 kobolds
  2 quokkas
  8 ball pythons
  10 frilled lizards
  7 rats
97 creatures vanquished.

Notes
Turn   | Place    | Note
-------+----------+-------------------------------------------
     0 | D:1      | qw the Gargoyle Hunter began the quest for the Orb.
     0 | D:1      | Reached XP level 1. HP: 12/12 MP: 1/1
     0 | D:1      | 0 ||| qw: Version: 0.3-a-76-g4403597
     0 | D:1      | 0 ||| qw: Game counter: 688
     0 | D:1      | 0 ||| qw: Melee chars always use a shield: true
     0 | D:1      | 0 ||| qw: God list: Okawaru
     0 | D:1      | 0 ||| qw: Allow faded altars: false
     0 | D:1      | 0 ||| qw: Do Orc after clearing Dungeon:15 true
     0 | D:1      | 0 ||| qw: Do second Lair branch before Depths: true
     0 | D:1      | 0 ||| qw: Lair rune preference: random
     0 | D:1      | 0 ||| qw: Goals: Normal
     0 | D:1      | 0 ||| PLANNING D:1-11
   195 | D:1      | Reached XP level 2. HP: 17/17 MP: 2/2
   485 | D:1      | Reached XP level 3. HP: 21/21 MP: 3/3
   929 | D:1      | 929 ||| READING scroll labelled MEATRU YNOXOQ.
   933 | D:1      | 933 ||| READING scroll labelled XOUFAI JAOWN.
   934 | D:1      | 934 ||| READING scroll labelled JER NUSHROADEC.
   935 | D:1      | 935 ||| DROPPING scroll of butterflies.
   948 | D:2      | Reached skill level 5 in Ranged Weapons
  1397 | D:2      | Reached skill level 3 in Fighting
  1421 | D:2      | Reached XP level 4. HP: 25/28 MP: 4/4
  1761 | D:2      | Found a shimmering blue altar of Sif Muna.
  1955 | D:2      | 1955 ||| READING scroll labelled XAX JEMAOXO.
  1956 | D:2      | 1956 ||| READING scroll labelled VYTUM URCHYPT.
  1957 | D:2      | 1957 ||| DRINKING 2 sedimented puce potions.
  1969 | D:3      | 1969 ||| PLANNING SEWER
  1970 | D:3      | 1970 ||| STAIRDANCE
  1982 | D:3      | 1982 ||| STAIRDANCE
  2127 | D:3      | 2127 ||| FLEEEEING.
  2310 | D:3      | Found a glowing drain.
  2319 | D:3      | 2319 ||| FLEEEEING.
  2335 | D:3      | 2335 ||| UPGRADING to +0 cloak.
  2340 | D:3      | 2340 ||| READING scroll of enchant armour.
  2340 | D:3      | 2340 ||| ENCHANTING +0 cloak.
  2341 | D:3      | 2341 ||| READING scroll labelled ASATOACEJU.
  2342 | D:3      | 2342 ||| READING scroll labelled PYTIUHA YXZEA.
  2343 | D:3      | 2343 ||| READING scroll labelled LIAZXA NAOSSURI.
  2354 | Sewer    | Entered a sewer
  2385 | Sewer    | 2385 ||| Stepping ~*~*~tactically~*~*~ (water).
  2401 | Sewer    | Reached XP level 5. HP: 32/32 MP: 5/5
  2419 | Sewer    | 2419 ||| Stepping ~*~*~tactically~*~*~ (water).
  2424 | Sewer    | Reached skill level 6 in Ranged Weapons
  2428 | Sewer    | 2428 ||| Stepping ~*~*~tactically~*~*~ (water).
  2462 | Sewer    | Found a viscous altar of Jiyva.
  2470 | Sewer    | 2470 ||| Stepping ~*~*~tactically~*~*~ (water).
  2479 | Sewer    | Reached skill level 1 in Armour
  2489 | Sewer    | 2489 ||| Stepping ~*~*~tactically~*~*~ (water).
  2519 | Sewer    | 2519 ||| Stepping ~*~*~tactically~*~*~ (water).
  2575 | D:3      | 2575 ||| PLANNING D:1-11
  2661 | D:3      | Found a snail-covered altar of Cheibriados.
  2777 | D:3      | 2777 ||| Stepping ~*~*~tactically~*~*~ (outnumbered).
  2782 | D:3      | Reached XP level 6. HP: 38/38 MP: 6/6
  2827 | D:3      | Noticed Grinder
  2829 | D:3      | Paralysed by Grinder for 3 turns
  2841 | D:3      | Killed Grinder
  2842 | D:3      | Reached skill level 7 in Ranged Weapons
  2842 | D:3      | Reached XP level 7. HP: 23/43 MP: 7/7
  3122 | D:3      | 3122 ||| DRINKING 2 bubbling dark potions.
  3132 | D:4      | 3132 ||| RETREATING.
  3136 | D:4      | 3136 ||| Stepping ~*~*~tactically~*~*~ (retreating).
  3138 | D:4      | 3138 ||| Stepping ~*~*~tactically~*~*~ (retreating).
  3139 | D:4      | 3139 ||| Stepping ~*~*~tactically~*~*~ (outnumbered).
  3144 | D:4      | HP: 8/43 [gnoll/+0 spear (5)]
  3145 | D:4      | 3145 ||| READING scroll of teleportation.
  3146 | D:4      | 3146 ||| Stepping ~*~*~tactically~*~*~ (retreating).
  3171 | D:4      | HP: 5/43 [orc priest/divine providence (11)]
  3175 | D:4      | 3175 ||| Stepping ~*~*~tactically~*~*~ (retreating).
  3176 | D:4      | 3176 ||| DRINKING 2 potions of curing.
  3176 | D:4      | 3176 ||| (to cure confusion)
  3177 | D:4      | 3177 ||| Stepping ~*~*~tactically~*~*~ (retreating).
  3178 | D:4      | 3178 ||| Stepping ~*~*~tactically~*~*~ (retreating).
  3179 | D:4      | 3179 ||| Stepping ~*~*~tactically~*~*~ (retreating).
  3180 | D:4      | 3180 ||| Stepping ~*~*~tactically~*~*~ (retreating).
  3181 | D:4      | 3181 ||| DRINKING potion of curing.
  3181 | D:4      | 3181 ||| (to cure confusion)
  3187 | D:4      | Reached skill level 8 in Ranged Weapons
  3190 | D:4      | HP: 8/43 [something/puff of flame (15)]
  3194 | D:4      | HP: 2/43 [something (3)]
  3195 | D:4      | Mangled by an iguana

Levels and vault maps discovered:
D:1:      kilobyte_arrival_exit_the_forest, layout_basic
D:2:      layout_loops_corners, basic_altar, dk_noncrumbling_2
D:3:      layout_basic, kennysheep_slug_shrine, portal_sewer_entry_b,
          uniq_grinder
D:4:      layout_cave_pools, kennysheep_mini,
          mainiacjoe_overflow_large_starburst, gammafunk_ghost_nasty_kobolds,
          dilly_guarded_unrand_devastator, uniq_ijyb

Skill      XL: |  1  2  3  4  5  6  7 |
---------------+----------------------+-----
Ranged Weapons | 5 6 7 8 |  8.0
Fighting       | 3 4 |  4.0
Armour         | 1 |  1.2
Dodging        | 2 |  2.0
Stealth        | |  1.1

Action                     |  1- 3 |  4- 6 |  7- 9 || total
---------------------------+-------+-------+-------++-------
   Fire: Shortbow          |   141 |   157 |    40 ||   338
    Use: Scroll            |     3 |     6 |     1 ||    10
         Potion            |       |     1 |     3 ||     4
 Armour: Leather armour    |    53 |    44 |    34 ||   131
  Dodge: Dodged            |    57 |    37 |    21 ||   115

Table legend:
 A = Non-vault XP
 B = Vault XP
 C = Vault XP percentage of total XP
 D = Non-vault monster count
 E = Vault monster count
 F = Vault count percentage of total count
                 A         B        C        D         E       F
            +---------+---------+-------+---------+---------+-------
      Total |     388 |     496 |  56.1 |      66 |      31 |  32.0
            +---------+---------+-------+---------+---------+-------
        D:1 |      38 |       0 |   0.0 |      23 |       0 |   0.0
        D:2 |      53 |       0 |   0.0 |      15 |       0 |   0.0
        D:3 |     127 |     344 |  73.0 |      20 |       8 |  28.6
        D:4 |     170 |       0 |   0.0 |       8 |       0 |   0.0
      Sewer |       0 |     152 | 100.0 |       0 |      23 | 100.0
            +---------+---------+-------+---------+---------+-------
